 Dungeon Crawl Stone Soup version 0.27-a0-1046-g98bf31544f (webtiles) character file.

Game seed: 15937076167698654696

359617 bjvl the Earth Mage (level 22, -31/138 HPs)
             Began as a Gargoyle Earth Elementalist on Apr 19, 2021.
             Was the Champion of Vehumet.
             Killed from afar by Xtahua (88 damage)
             ... with a searing blast
             ... on level 2 of the Vaults.
             The game lasted 02:30:07 (56957 turns).

bjvl the Earth Mage (Gargoyle Earth Elementalist)  Turns: 56957, Time: 02:30:08

Health: -31/138    AC: 37    Str: 13    XL:     22   Next: 41%
Magic:  21/39      EV: 20    Int: 37    God:    Vehumet [******]
Gold:   2486       SH:  7    Dex: 10    Spells: 7/48 levels left

rFire    . . .     SeeInvis .   z - +9 flail (vorpal)
rCold    . . .     Faith    .   P - +3 buckler {AC+3}
rNeg     + . .     Spirit   .   v - +2 robe {Archmagi}
rPois    ∞         Reflect  .   J - +2 helmet {Int+3}
rElec    +         Harm     .   o - +2 cloak {Stlth+}
rCorr    .         Rampage  .   Z - +2 pair of gloves {Stlth+}
Will     +++..                  C - +2 pair of boots of Jigsaw {Int+4}
Stlth    ++++......             S - amulet of magic regeneration
HPRegen  0.33/turn              h - ring of the Mage {Wiz Will++ Int+3}
MPRegen  0.51/turn              c - +4 ring of evasion

@: flying
A: AC +16, big wings, negative energy resistance 1, electricity resistance,
torment resistance 1, unbreathing 1, petrification resistance, hooves 2, strong
1
}: 2/15 runes: serpentine, barnacled
a: Renounce Religion


You were on level 2 of the Vaults.
You worshipped Vehumet.
Vehumet was exalted by your worship.
You visited 8 branches of the dungeon, and saw 37 of its levels.
You visited 2 bazaars.
You also visited: Ossuary, Gauntlet, Ice Cave, Volcano and Wizlab.

You collected 7668 gold pieces.
You spent 5182 gold pieces at shops.

Inventory:

Hand Weapons
 d - a +0 demon whip of freezing
 z - a +9 vorpal flail (weapon)
 W - a +0 eveningstar of flaming
Armour
 o - a +2 cloak of stealth (worn)
 r - +5 steam dragon scales
 v - a +2 robe of the Archmagi (worn)
 C - the +2 pair of boots of Jigsaw (worn) {Int+4}
   (You acquired it on level 3 of the Snake Pit)

   It affects your intelligence (+4).
 J - a +2 helmet of intelligence (worn)
 P - a +3 buckler of protection (worn)
 Z - a +2 pair of gloves of stealth (worn)
Jewellery
 c - a +4 ring of evasion (right hand)
 h - the ring of the Mage (left hand) {Wiz Will++ Int+3}
   (You bought it in a shop in a bazaar)

   [ring of wizardry]

   It improves your spell success rate.
   It affects your intelligence (+3).
   It greatly increases your willpower.
 K - a ring of see invisible
 L - the ring of the Good {Int+6 Stlth+}
   (You found it in a Gauntlet)

   [ring of intelligence]

   It affects your intelligence (+6).
   It makes you more stealthy.
 S - an amulet of magic regeneration (around neck)
Wands
 a - a wand of iceblast (44)
 s - a wand of digging (2)
 F - a wand of acid (18)
 R - a wand of paralysis (20)
 U - a wand of mindburst (6)
Scrolls
 f - 11 scrolls of teleportation
 j - 3 scrolls of magic mapping
 t - 8 scrolls of amnesia
 y - 13 scrolls of fog
 A - 3 scrolls of blinking
 B - 25 scrolls of identify
 G - 2 scrolls of summoning
 H - a scroll of immolation
 O - 4 scrolls of enchant weapon
 V - 2 scrolls of holy word
Potions
 e - 4 potions of cancellation
 g - 5 potions of haste
 i - 5 potions of heal wounds
 m - 5 potions of berserk rage
 q - 13 potions of curing
 u - 4 potions of might
 E - 8 potions of mutation
 I - a potion of invisibility
 T - 6 potions of resistance
 X - 3 potions of brilliance
 Y - 2 potions of magic
Miscellaneous
 k - a box of beasts
 l - a tin of tremorstones (2/2)
 n - a piece from Xom's chessboard (15/15)
 x - a condenser vane
 N - a phial of floods
 Q - a lightning rod (4/4)


   Skills:
 + Level 14.4 Fighting
 + Level 13.4 Maces & Flails
 - Level 6.0 Armour
 + Level 11.6 Dodging
 - Level 2.1 Stealth
 - Level 4.0 Shields
 + Level 13.6 Spellcasting
 + Level 15.6 Conjurations
 - Level 0.7 Transmutations
 + Level 14.8 Fire Magic
 * Level 19.1 Earth Magic
 - Level 10.0 Evocations


You had 7 spell levels left.
You knew the following spells:

 Your Spells              Type           Power      Damage    Failure   Level
a - Shatter               Erth           64%        3d48*     7%          9
b - Stone Arrow           Conj/Erth      100%       3d13      0%          3
c - Lee's Rapid Deconstr  Erth           64%        3d30*     0%          5
d - Iron Shot             Conj/Erth      62%        9d12      1%          6
e - Bolt of Magma         Conj/Fire/Erth 61%        4d24      1%          5
g - Ignition              Fire           58%        3d16      2%          8
i - Irradiate             Conj/Tmut      45%        3d29      1%          5

Your spell library contained the following spells:

 Spells                   Type           Power      Damage    Failure   Level
 Lehudib's Crystal Spear  Conj/Erth      62%        10d14     1%          8
 Fire Storm               Conj/Fire      59%        8d15      28%         9
 Absolute Zero            Ice            18%        ∞         100%        9
 Foxfire                  Conj/Fire      100%       2x1d9     0%          1
 Magic Dart               Conj           100%       1d8       0%          1
 Sandblast                Erth           100%       2d20      0%          1
 Searing Ray              Conj           100%       3d7       0%          2
 Conjure Flame            Conj/Fire      100%       6-21      0%          3
 Animate Skeleton         Necr           74%        N/A       1%          1
 Apportation              Tloc           74%        N/A       1%          1
 Beastly Appendage        Tmut           92%        N/A       1%          1
 Corona                   Hex            41%        N/A       1%          1
 Shock                    Conj/Air       100%       1d9       1%          1
 Summon Small Mammal      Summ           100%       N/A       1%          1
 Blink                    Tloc           N/A        N/A       1%          2
 Call Imp                 Summ           37%        N/A       1%          2
 Corpse Rot               Necr/Air       N/A        N/A       1%          2
 Passwall                 Tmut/Erth      82%        N/A       1%          2
 Poisonous Vapours        Pois/Air       74%        N/A       1%          2
 Slow                     Hex            37%        N/A       1%          2
 Static Discharge         Conj/Air       90%        N/A       1%          2
 Call Canine Familiar     Summ           37%        N/A       1%          3
 Dazzling Flash           Conj/Hex       100%       N/A       1%          3
 Gell's Gravitas          Tloc           18%        N/A       1%          3
 Ignite Poison            Fire/Tmut/Pois 77%        N/A       1%          3
 Inner Flame              Hex/Fire       88%        N/A       1%          3
 Lesser Beckoning         Tloc           18%        N/A       1%          3
 Mephitic Cloud           Conj/Pois/Air  77%        N/A       1%          3
 Portal Projectile        Hex/Tloc       74%        N/A       1%          3
 Spider Form              Tmut/Pois      20%        N/A       1%          3
 Summon Guardian Golem    Hex/Summ       37%        N/A       1%          3
 Swiftness                Air            37%        N/A       1%          3
 Tukima's Dance           Hex            37%        N/A       1%          3
 Animate Armour           Summ/Erth      100%       N/A       1%          4
 Hailstorm                Conj/Ice       90%        3d18      1%          4
 Iskenderun's Mystic Bla  Conj/Tloc      90%        2d18      1%          4
 Leda's Liquefaction      Hex/Erth       48%        N/A       1%          4
 Petrify                  Tmut/Erth      99%        N/A       1%          4
 Sticky Flame             Conj/Fire      100%       2d11      1%          4
 Iskenderun's Battlesphe  Conj           100%       2d15      1%          5
 Lightning Bolt           Conj/Air       45%        1d65      1%          5
 Conjure Ball Lightning   Conj/Air       45%        3x3d16    1%          6
 Orb of Destruction       Conj           59%        9d17      1%          7
 Freezing Cloud           Conj/Ice/Air   38%        6-21      3%          6
 Yara's Violent Unravell  Hex/Tmut       20%        3d9       4%          5
 Ice Form                 Ice/Tmut       41%        N/A       5%          4
 Animate Dead             Necr           18%        N/A       6%          4
 Cause Fear               Hex            18%        N/A       6%          4
 Dispel Undead            Necr           37%        3d15      6%          4
 Passage of Golubria      Tloc           N/A        N/A       6%          4
 Summon Ice Beast         Ice/Summ       37%        N/A       6%          4
 Summon Lightning Spire   Summ/Air       37%        N/A       6%          4
 Spellforged Servitor     Conj/Summ      45%        N/A       6%          7
 Hydra Form               Tmut           23%        N/A       12%         5
 Alistair's Intoxication  Tmut/Pois      27%        N/A       14%         5
 Agony                    Necr           37%        N/A       16%         5
 Excruciating Wounds      Necr           18%        N/A       16%         5
 Silence                  Hex/Air        18%        N/A       16%         5
 Summon Forest            Summ/Tloc      18%        N/A       16%         5
 Summon Mana Viper        Hex/Summ       37%        N/A       16%         5
 Eringya's Noxious Bog    Tmut/Pois      20%        N/A       21%         6
 Blade Hands              Tmut           23%        N/A       52%         6
 Invisibility             Hex            37%        N/A       63%         6
 Shadow Creatures         Summ           N/A        N/A       63%         6
 Dragon Form              Tmut           23%        N/A       97%         7
 Summon Hydra             Summ           18%        N/A       99%         7
 Discord                  Hex            18%        N/A       100%        8
 Sublimation of Blood     Necr           Unusable   N/A       N/A         2
 Statue Form              Tmut/Erth      Unusable   N/A       N/A         6

Dungeon Overview and Level Annotations

Branches:
Dungeon (15/15)            Temple (1/1) D:5            Lair (6/6) D:11
 Shoals (4/4) Lair:2        Snake (4/4) Lair:3        Slime (0/5) Lair:6
    Orc (2/2) D:12            Elf (3/3) Orc:2        Vaults (2/5) D:13
 Depths (0/5) D:15        Ossuary (visited)           IceCv (visited)
Volcano (visited)          WizLab (visited)         Gauntlet (visited)
  Crypt: Vaults:2-3

Altars:
Ashenzari
Cheibriados
Dithmenos
Elyvilon
Fedhas
Gozag
Hepliaklqana
Kikubaaqudgha
Makhleb
Nemelex Xobeh
Okawaru
Qazlal
Ru
Sif Muna
Trog
Uskayaw
Vehumet
Wu Jian
Xom
Yredelemnul
Zin
The Shining One
Beogh

Shops:
D:2 *   D:8 ?   D:11 =   D:12 *[*   Orc:2 :([[   Shoals:2 =   Shoals:3 [[
Snake:2 *   Vaults:1 *

Portals:
Abyss: D:13

Annotations:
D:10 1 runed translucent door
D:13 2 transporters, Ginteh's ghost, journeyman OpVM
Orc:2 2 runed translucent doors, exclusion: orange crystal statue
Elf:2 5 runed translucent doors
Vaults:2 Xtahua


Innate Abilities, Weirdness & Mutations

Your stone body is resilient. (AC +16)
You are immune to poison.
Your large and strong wings let you fly.
You resist negative energy. (rN+)
You are resistant to electric shocks. (rElec)
You are resistant to unholy torment.
You can survive without breathing.
You are immune to petrification.
You have hoof-like feet.
Your muscles are strong. (Str +2)


Message History

Things that are here:
a +0 troll leather armour; a deep troll corpse The ironbound convoker begins to recite a word of recall!
Things that are here:
a +1 long sword of protection; a +0 plate armour; a +0 kite shield
Things that are here:
a +0 arbalest; 11 bolts; a yaktaur corpse
Casting: Shatter (dangerous; 7% risk of failure)
Confirm with . or Enter, or press ? or * to list all spells.
You feel a surge of power!
The dungeon rumbles!
You kill the ironbound convoker!
Vehumet accepts your kill.
You feel your power returning.
You kill the deep troll!
Vehumet accepts your kill.
You feel your power returning.
Ka-crash!
You hear a shout! x2
Unknown command.
Items here: ( )) [ ††.
You now have 2486 gold pieces (gained 26).
Things that are here:
the +8 demon blade "Leech" {vamp, *Rage +Rage rN+}; a +0 scale mail; a human corpse A deep troll comes into view.
A deep troll is nearby!
A deep troll is nearby!
Xtahua the Ancient comes into view.
Xtahua roars, "FACE MY WRATH!"
Xtahua moves out of view.
Xtahua bites you! Xtahua closely misses you. Xtahua tramples you!
You hold your ground!
A deep troll comes into view.
The deep troll shouts!
The deep troll misses you.
The deep troll claws you but does no damage.
The deep troll misses you. Xtahua breathes fire at you.
The searing blast hits you!!!!
Ouch! That really hurt!
You die...

,,,,,,*,*,.......)##.[.....)..[..
,,*****,**###.#...##..........<..
,,*,,,,,,,,,#,#...##.............
,,*****,,,**###...##..#..........
,,*,*,,.T,#,#.#...##..###.#.....#
,,*,***...#.#.#...##..# #........
,,,,,,,...........##..# #....)...
,,,,,,,..TT....T..# #........
,,,,,,,.........@.# #........
*******#########D########..>.....
***########.............#........
,,,.......#.............#........
,,,.......#.............'........
,,,.......'.............#........
,,,.......#.............###.###+#
,,,.......#.............###.##,,,
,,,.......#..............##..#,,,


You could see Xtahua (catching breath) and 3 deep trolls.

Vanquished Creatures
  Asterion (Snake:1)
  A deep elf master archer (Elf:3)
  2 krakens
  The ghost of Eppall the Grappler, an adept TrFi of Ru (Snake:3)
  Frances (Snake:1)
  Polyphemus (Shoals:2)
  A tengu reaver (Vaults:1)
  Roxanne (D:15)
  2 nagarajas (Snake:4)
  Donald (Shoals:3)
  Ilsuiw (Shoals:3)
  4 deep elf sorcerers (Elf:3)
  6 vault wardens
  2 orc warlords
  An emperor scorpion (D:15)
  Louise (Snake:1)
  Aizul (Snake:1)
  9 ironbound preservers
  4 deep elf elementalists (Elf:3)
  2 very ugly things (Vaults:1)
  A stone giant (Vaults:1)
  6 deep elf demonologists
  7 deep elf annihilators
  An entropy weaver (Vaults:1)
  Azrael (D:14)
  A minotaur (Gauntlet)
  8 purple draconians (WizLab)
  9 statues (WizLab)
  2 blizzard demons (IceCv)
  7 dire elephants
  6 salamander tyrants
  6 merfolk javelineers
  7 deep elf death magi (Elf:3)
  2 yaktaur captains
  A great orb of eyes (D:15)
  6 deep elf high priests
  2 ironbound thunderhulks (Vaults:1)
  8 merfolk impalers
  Harold (D:7)
  14 naga warriors
  3 vault guards (D:13)
  11 hydras
  2 ironbound frosthearts
  6 boulder beetles
  7 merfolk avatars
  12 centaur warriors
  7 anacondas
  4 catoblepae
  3 satyrs
  13 dancing weapons
  4 two-headed ogres
  An alligator snapping turtle (Shoals:4)
  2 tengu warriors (D:15)
  A merfolk aquamancer (Shoals:3)
  5 death yaks
  22 naga sharpshooters
  10 ironbound beastmasters
  11 shock serpents
  6 deep elf knights
  A fire crab (Volcano)
  10 salamander mystics
  13 sea snakes
  22 deep trolls
  7 naga ritualists
  4 orc knights
  11 lindwurms
  15 deep elf archers
  21 harpies
  8 ironbound convokers
  27 deep elf pyromancers
  5 wizards
  2 necromancers (D:13)
  34 deep elf zephyrmancers
  26 salamanders
  7 mana vipers
  11 ugly things
  An oklob plant (Lair:5)
  14 fauns
  6 orc sorcerers
  8 cyclopes
  20 manticores
  6 elephants
  13 merfolk sirens
  29 naga magi
  Joseph (D:9)
  37 black mambas
  6 vault sentinels
  3 guardian serpents
  2 molten gargoyles (Volcano)
  5 water nymphs
  An ice statue (IceCv)
  A gargoyle (D:12)
  26 cane toads
  11 komodo dragons
  An unseen horror (D:12)
  Maggie (D:7)
  15 yaktaurs
  5 anaconda simulacra (IceCv)
  A kobold demonologist (D:10)
  A golden dragon simulacrum (IceCv)
  7 freezing wraiths
  7 rime drakes
  4 ice devils (IceCv)
  16 tengu conjurers (WizLab)
  20 merfolk
  2 trolls (D:11)
  A wolf spider simulacrum (IceCv)
  A jumping spider (Vaults:1)
  2 polar bears
  4 hornets
  4 tyrant leeches (Lair:6)
  9 wind drakes
  14 slime creatures
  27 blink frogs
  9 dream sheep
  5 flying skulls (Gauntlet)
  Sigmund (D:4)
  2 air elementals
  11 snapping turtles
  4 centaur simulacra
  2 redbacks (Vaults:1)
  59 yaks
  2 shadows (D:11)
  A tarantella (Vaults:1)
  6 wyverns
  9 water elementals
  2 vampires
  2 dire elephant simulacra (IceCv)
  A wraith (D:11)
  5 hogs (Snake:1)
  2 steam dragons (Volcano)
  23 humans
  Grum (D:8)
  4 basilisks
  5 fire elementals
  A fire bat (shapeshifter) (D:15)
  15 vampire mosquitoes
  8 wargs
  3 harpy simulacra (IceCv)
  3 hydra simulacra (IceCv)
  6 hell hounds
  52 nagas
  22 water moccasins
  3 acid dragons
  13 orc warriors
  An ice beast (D:5)
  A sky beast (D:6)
  A hornet zombie (D:8)
  2 black bears (shapeshifter)
  An ettin simulacrum (IceCv)
  2 black bears
  A necrophage (D:5)
  7 ogres
  12 wolves
  9 centaurs
  3 kobold brigands
  2 elf zombies (D:5)
  29 bullfrogs
  An earth elemental (Elf:2)
  2 gnoll sergeants
  9 scorpions (Ossuary)
  An elf skeleton (D:5)
  2 water moccasin zombies (D:5)
  A water moccasin skeleton (D:6)
  A swamp dragon simulacrum (IceCv)
  5 killer bees (D:10)
  4 wights
  2 electric eels
  9 howler monkeys
  5 jellies
  2 lava snakes (Volcano)
  2 draconian simulacra (IceCv)
  A bullfrog zombie (D:5)
  4 hounds
  A gnoll shaman (D:8)
  3 human zombies
  11 centaur zombies
  10 orc priests
  5 iguanas
  5 scorpion zombies (Ossuary)
  40 orc wizards
  A human skeleton (D:5)
  A polar bear simulacrum (IceCv)
  3 troll simulacra (IceCv)
  2 wolf simulacra (IceCv)
  2 hound skeletons
  3 mummies (Ossuary)
  4 howler monkey zombies
  14 gnolls
  3 ogre simulacra (IceCv)
  7 adders
  3 naga simulacra (IceCv)
  A shadow imp (D:7)
  12 white imps
  7 ufetubi
  An adder zombie (D:2)
  An adder skeleton (D:2)
  4 dart slugs
  104 orcs
  6 ball pythons
  4 bats
  10 endoplasms
  4 giant cockroaches
  2 gnoll zombies (Ossuary)
  6 goblins
  6 hobgoblins
  7 jackals
  6 quokkas
  A ball python skeleton (D:2)
  A ball python zombie (D:2)
  6 frilled lizards
  2 giant cockroach zombies (D:2)
  4 goblin zombies (Ossuary)
  A hobgoblin zombie (Ossuary)
  A jackal skeleton (D:4)
  23 kobolds
  2 kobold zombies (Ossuary)
  2 orc zombies
  5 rats
  5 tentacles
1581 creatures vanquished.

Vanquished Creatures (collateral kills)
  Kirke (Snake:1)
1 creature vanquished.

Vanquished Creatures (others)
  A lindwurm (Vaults:2)
  2 deep elf zephyrmancers (Elf:2)
  A naga mage (Snake:4)
  A cane toad (Lair:6)
  A hornet (D:10)
  A human (Snake:1)
  A vampire mosquito (Lair:6)
  A naga (Snake:3)
  A floating eye (shapeshifter) (D:10)
  A scorpion (Ossuary)
  A centaur zombie (Ossuary)
  An orc wizard (Orc:1)
  An ufetubus (IceCv)
  An orc (Orc:2)
  43 fungi
  196 plants
  8 tentacles
  A withered plant (D:2)
263 creatures vanquished.

Grand Total: 1845 creatures vanquished

Notes
Turn   | Place    | Note
-------+----------+-------------------------------------------
     0 | D:1      | bjvl the Gargoyle Earth Elementalist began the quest for
                  | the Orb.
     0 | D:1      | Reached XP level 1. HP: 10/10 MP: 3/3
   100 | D:1      | Reached skill level 4 in Earth Magic
   100 | D:1      | Reached XP level 2. HP: 14/15 MP: 1/5
   799 | D:1      | Reached XP level 3. HP: 17/19 MP: 6/6
   803 | D:1      | Learned a level 3 spell: Stone Arrow
  1149 | D:1      | Found a faded altar of an unknown god.
  2312 | D:2      | Reached skill level 1 in Conjurations
  2518 | D:2      | Reached XP level 4. HP: 11/24 MP: 6/8
  2983 | D:2      | Found Alyewnoz's General Store.
  3085 | D:2      | Reached skill level 5 in Earth Magic
  3622 | D:2      | Reached XP level 5. HP: 28/28 MP: 9/9
  3628 | D:2      | Learned a level 5 spell: Lee's Rapid Deconstruction
  3810 | D:2      | Bought a potion of heal wounds for 50 gold pieces
  4564 | D:3      | Found a basalt altar of Yredelemnul.
  4567 | D:3      | Noticed a profane servitor
  4587 | D:3      | Found a glowing golden altar of the Shining One.
  4590 | D:3      | Noticed an angel
  4801 | D:4      | Noticed Sigmund
  4809 | D:4      | Killed Sigmund
  4810 | D:4      | Reached XP level 6. HP: 12/32 MP: 0/11
  4811 | D:4      | Reached skill level 6 in Earth Magic
  5520 | D:4      | Reached XP level 7. HP: 36/36 MP: 8/13
  6219 | D:5      | Entered Level 5 of the Dungeon
  6529 | D:5      | Found a sand-covered staircase.
  6533 | D:5      | Reached skill level 7 in Earth Magic
  6553 | Ossuary  | Entered an ossuary
  6738 | Ossuary  | Reached skill level 5 in Spellcasting
  6743 | Ossuary  | Reached XP level 8. HP: 26/41 MP: 15/15
  6990 | Ossuary  | Reached skill level 5 in Conjurations
  7524 | Ossuary  | Reached skill level 8 in Earth Magic
  7971 | D:5      | Reached XP level 9. HP: 41/46 MP: 18/18
  8262 | D:5      | Reached skill level 1 in Maces & Flails
  8294 | D:5      | Reached skill level 1 in Fighting
  8294 | D:5      | Reached skill level 1 in Armour
  8541 | D:5      | Found a staircase to the Ecumenical Temple.
  8553 | Temple   | Entered the Ecumenical Temple
  8768 | D:5      | Noticed a hornet
  8777 | D:5      | Killed a hornet
  8778 | D:5      | Reached skill level 9 in Earth Magic
  9859 | D:6      | Found a shimmering blue altar of Sif Muna.
 10011 | D:6      | Reached XP level 10. HP: 54/56 MP: 20/20
 10052 | D:6      | Found a hide-covered altar of Uskayaw.
 10316 | D:6      | Gained mutation: You have large cloven feet. [potion of
                  | mutation]
 10316 | D:6      | Gained mutation: You have hoof-like feet. [potion of
                  | mutation]
 10316 | D:6      | Gained mutation: Your muscles are strong. (Str +2) [potion
                  | of mutation]
 10856 | D:7      | Noticed Maggie
 10893 | D:7      | Killed Maggie
 11146 | D:7      | Noticed Harold
 11167 | D:7      | Killed Harold
 11655 | D:8      | Found Tieti's Magic Scroll Shoppe.
 11675 | D:8      | Bought a scroll of magic mapping for 42 gold pieces
 11675 | D:8      | Bought a scroll of blinking for 90 gold pieces
 11675 | D:8      | Bought a scroll of identify for 24 gold pieces
 11675 | D:8      | Bought a scroll of identify for 24 gold pieces
 11675 | D:8      | Bought a scroll of teleportation for 36 gold pieces
 11675 | D:8      | Bought a scroll of identify for 24 gold pieces
 11686 | D:8      | Found a sparkling altar of Nemelex Xobeh.
 12070 | D:8      | Noticed a cyclops
 12084 | D:8      | Killed a cyclops
 12085 | D:8      | Reached skill level 10 in Earth Magic
 12085 | D:8      | Reached skill level 1 in Evocations
 12239 | D:8      | Noticed a boulder beetle
 12259 | D:8      | Reached XP level 11. HP: 62/62 MP: 22/22
 12616 | D:8      | Killed a boulder beetle
 12617 | D:8      | Reached skill level 5 in Fighting
 12759 | D:8      | Reached skill level 5 in Armour
 12811 | D:8      | Noticed Grum
 12821 | D:8      | Killed Grum
 13341 | D:9      | Found a radiant altar of Vehumet.
 13351 | D:9      | Became a worshipper of Vehumet
 13614 | D:9      | Found an iron altar of Okawaru.
 13614 | D:9      | Found a bloodstained altar of Trog.
 13692 | D:9      | Noticed Joseph
 13697 | D:9      | Killed Joseph
 13879 | D:10     | Entered Level 10 of the Dungeon
 13909 | D:10     | Found a runed translucent door.
 13909 | D:10     | Noticed an orc knight
 13914 | D:10     | Killed an orc knight
 13915 | D:10     | Noticed a moth of wrath
 13915 | D:10     | a snapping turtle changed into a moth of wrath
 13917 | D:10     | Noticed a faun
 13917 | D:10     | a moth of wrath changed into a faun
 14323 | D:10     | Reached skill level 5 in Maces & Flails
 14479 | D:10     | Reached * piety under Vehumet
 14479 | D:10     | Offered knowledge of Magic Dart by Vehumet.
 14614 | D:10     | Found a snail-covered altar of Cheibriados.
 14648 | D:10     | Found a broken altar of Ashenzari.
 14705 | D:10     | Found a hazy altar of Hepliaklqana.
 15045 | D:10     | Noticed a fire dragon
 15087 | D:11     | Noticed a cyclops
 15096 | D:11     | Found Siario Cema's Jewellery Boutique.
 15098 | D:11     | Found a gate leading to a gauntlet.
 15110 | D:11     | Found a staircase to the Lair.
 15118 | Gauntlet | Entered a Gauntlet
 15118 | Gauntlet | Found a transporter.
 15256 | Gauntlet | Noticed a death scarab
 15264 | Gauntlet | Found a transporter.
 15279 | Gauntlet | Found a transporter.
 15281 | Gauntlet | Noticed a cacodemon
 15284 | Gauntlet | Found a transporter.
 15299 | Gauntlet | Found a transporter.
 15318 | Gauntlet | Found a transporter.
 15330 | Gauntlet | Found a transporter.
 15330 | Gauntlet | Noticed a green ugly thing
 15334 | Gauntlet | Noticed a glowing orange brain
 15348 | Gauntlet | Found a transporter.
 15354 | Gauntlet | Found a transporter.
 15363 | Gauntlet | Found a transporter.
 15369 | Gauntlet | Found a transporter.
 15369 | Gauntlet | Found a transporter.
 15384 | Gauntlet | Found a transporter.
 15385 | Gauntlet | Noticed a blizzard demon
 15401 | Gauntlet | Found a transporter.
 15421 | Gauntlet | Found a transporter.
 15446 | Gauntlet | Found a transporter.
 15448 | Gauntlet | Found a transporter.
 15468 | Gauntlet | Found a transporter.
 15836 | Gauntlet | Learned a level 3 spell: Mephitic Cloud
 15841 | Gauntlet | Learned a level 4 spell: Petrify
 15890 | Gauntlet | Identified the ring of the Good {Int+6 Stlth+}
 15909 | Gauntlet | Identified the ring of Wu Jian's Pride {Ice rPois Will+
                  | Int+3}
 15909 | Gauntlet | Noticed a minotaur
 15915 | Gauntlet | Killed a minotaur
 15916 | Gauntlet | Reached XP level 12. HP: 70/70 MP: 13/24
 15988 | D:11     | Reached skill level 5 in Dodging
 15990 | D:11     | Reached skill level 11 in Earth Magic
 16280 | D:11     | Reached ** piety under Vehumet
 16424 | D:11     | Offered knowledge of Freeze by Vehumet.
 16634 | D:11     | Noticed a two-headed ogre
 16637 | D:11     | Killed a two-headed ogre
 16715 | D:11     | Noticed a two-headed ogre
 16723 | D:11     | Killed a two-headed ogre
 17182 | D:11     | Noticed a boulder beetle
 17196 | D:11     | Killed a boulder beetle
 17518 | D:12     | Reached skill level 1 in Shields
 17567 | D:12     | Noticed a two-headed ogre
 17593 | D:11     | Killed a two-headed ogre
 17774 | D:12     | Found Danor's General Store.
 17778 | D:12     | Bought 3 scrolls of enchant weapon for 225 gold pieces
 17846 | D:12     | Noticed a seven-headed hydra
 17853 | D:12     | Killed a seven-headed hydra
 17994 | D:12     | Reached skill level 10 in Conjurations
 18111 | D:12     | Found a gateway to a bazaar.
 18154 | D:12     | Reached XP level 13. HP: 62/76 MP: 25/25
 18167 | D:12     | Offered knowledge of Searing Ray by Vehumet.
 18694 | D:12     | Found Mampuic's Assorted Antiques.
 18702 | D:12     | Bought a brown potion for 26 gold pieces
 18702 | D:12     | Bought an opalescent robe for 165 gold pieces
 18702 | D:12     | Identified the +0 robe of Honour {rElec Will+} (You bought
                  | it in a shop on level 12 of the Dungeon)
 18702 | D:12     | Bought a scroll labelled TIANAMPIDDE for 29 gold pieces
 18702 | D:12     | Bought a viscous black potion for 26 gold pieces
 18795 | D:12     | Found Dusitu's Antique Armour Emporium.
 18823 | D:12     | Found a staircase to the Orcish Mines.
 19225 | D:13     | Reached skill level 5 in Evocations
 19226 | D:13     | Reached *** piety under Vehumet
 19302 | D:13     | Noticed a vault guard
 19305 | D:13     | Killed a vault guard
 19305 | D:13     | Offered knowledge of Dazzling Flash by Vehumet.
 19316 | D:13     | Noticed a vault guard
 19324 | D:13     | Killed a vault guard
 19456 | D:13     | Noticed a vault guard
 19475 | D:13     | Killed a vault guard
 19476 | D:13     | Reached skill level 12 in Earth Magic
 19502 | D:13     | Found a gate to the Vaults.
 19771 | D:13     | Found a transporter.
 19852 | D:13     | Found a transporter.
 19875 | D:13     | Noticed a cacodemon
 19886 | D:13     | Found a one-way gate to the infinite horrors of the Abyss.
 19886 | D:13     | Noticed Ginteh's ghost (journeyman OpVM)
 20479 | D:14     | Noticed Azrael
 20490 | D:14     | Reached **** piety under Vehumet
 20492 | D:14     | Killed Azrael
 20503 | D:14     | Offered knowledge of Frozen Ramparts by Vehumet.
 21287 | D:14     | Gained mutation: Your large and strong wings let you fly.
                  | [Gargoyle growth]
 21287 | D:14     | Reached XP level 14. HP: 71/84 MP: 16/27
 21611 | D:14     | Found a blossoming altar of Fedhas.
 21882 | Lair:1   | Entered Level 1 of the Lair of Beasts
 22759 | Lair:2   | Found a staircase to the Shoals.
 23649 | Lair:2   | Reached ***** piety under Vehumet
 23685 | Lair:2   | Offered knowledge of Bolt of Magma by Vehumet.
 23700 | Lair:2   | Learned a level 5 spell: Bolt of Magma
 24452 | Lair:3   | Reached skill level 1 in Fire Magic
 24547 | Lair:3   | Found a staircase to the Snake Pit.
 24811 | Lair:4   | Reached skill level 10 in Spellcasting
 25591 | Lair:5   | Found a dark tunnel.
 25603 | Volcano  | Entered a volcano
 25798 | Volcano  | Found a bloodstained altar of Trog.
 25800 | Volcano  | Reached skill level 13 in Earth Magic
 26036 | Volcano  | Learned a level 5 spell: Irradiate
 26517 | Lair:5   | Reached XP level 15. HP: 62/92 MP: 18/29
 26796 | Lair:5   | Identified the +10 shortbow "Tuab" {speed, rPois Will+
                  | rCorr Dex-5}
 27702 | Lair:6   | Entered Level 6 of the Lair of Beasts
 27744 | Lair:6   | Offered knowledge of Conjure Ball Lightning by Vehumet.
 28012 | Lair:6   | Reached skill level 10 in Fighting
 28018 | Lair:6   | Reached skill level 5 in Fire Magic
 28424 | Lair:6   | Found a staircase to the Slime Pits.
 28665 | Lair:6   | Identified the +4 short sword "Dixettoi" {vorpal, rC+
                  | Int+2}
 28973 | Lair:6   | Offered knowledge of Ozocubu's Refrigeration by Vehumet.
 29774 | Orc:1    | Entered Level 1 of the Orcish Mines
 29917 | Orc:2    | Entered Level 2 of the Orcish Mines
 29917 | Orc:2    | Found a staircase to the Elven Halls.
 29937 | Orc:2    | Found a runed translucent door.
 29954 | Orc:2    | Found the +10 tower shield of Ignorance {rN+ Int-4}
 29964 | Orc:2    | Noticed an orc warlord
 29971 | Orc:2    | Killed an orc warlord
 29975 | Orc:2    | Found a runed translucent door.
 30519 | Orc:2    | Reached XP level 16. HP: 95/98 MP: 24/30
 30548 | Orc:2    | Found Hunnougg's Antique Armour Shop.
 30548 | Orc:2    | Found Loasuq's Armour Emporium.
 30631 | Orc:2    | Paralysed by an orc sorcerer for 7 turns
 30689 | Orc:2    | Offered knowledge of Starburst by Vehumet.
 30731 | Orc:2    | Found Quinu's Antique Weapon Shop.
 30731 | Orc:2    | Found Luodis's Book Emporium.
 31210 | Bazaar   | Entered a bazaar
 31210 | Bazaar   | Found Qoalueli's Antique Armour Emporium.
 31210 | Bazaar   | Found Otytt's Distillery.
 31211 | Bazaar   | Found Wimagown's Jewellery Shoppe.
 31211 | Bazaar   | Found Koneis's Magic Scroll Shoppe.
 31229 | Bazaar   | Bought a scroll of magic mapping for 52 gold pieces
 31229 | Bazaar   | Bought a scroll of magic mapping for 52 gold pieces
 31229 | Bazaar   | Bought a scroll of enchant weapon for 112 gold pieces
 31244 | Bazaar   | Bought a potion of brilliance for 48 gold pieces
 31244 | Bazaar   | Bought a potion of haste for 120 gold pieces
 31244 | Bazaar   | Bought a potion of haste for 120 gold pieces
 31244 | Bazaar   | Bought a potion of magic for 96 gold pieces
 31324 | Orc:2    | Bought a +2 pair of gloves of stealth for 236 gold pieces
 31485 | D:15     | Entered Level 15 of the Dungeon
 31620 | D:15     | Identified Roxanne's Collected Works on Transmigration
 31620 | D:15     | Noticed Roxanne
 31624 | D:15     | Killed Roxanne
 32398 | D:15     | Found the +8 arc blade {discharge, rElec}
 32765 | D:15     | Reached ****** piety under Vehumet
 32818 | D:15     | Found a staircase to the Depths.
 33388 | Snake:1  | Entered Level 1 of the Snake Pit
 33666 | Snake:1  | Noticed Asterion
 33674 | Snake:1  | Killed Asterion
 33675 | Snake:1  | Reached skill level 14 in Earth Magic
 33870 | Snake:1  | Noticed Kirke
 33888 | Snake:1  | Reached skill level 10 in Maces & Flails
 33917 | Snake:1  | Killed Kirke
 34202 | Snake:1  | Noticed Aizul
 34203 | Snake:1  | Noticed Louise
 34212 | Snake:1  | Killed Louise
 34214 | Snake:1  | Killed Aizul
 34564 | Snake:1  | Noticed Frances
 34572 | Snake:1  | Killed Frances
 34824 | Snake:1  | Found an opulent altar of Gozag.
 35291 | Snake:2  | Reached XP level 17. HP: 89/104 MP: 32/32
 35576 | Snake:2  | Found Heasm's General Store.
 35580 | Snake:2  | Bought a condenser vane for 680 gold pieces
 35580 | Snake:2  | Bought a potion of heal wounds for 85 gold pieces
 35591 | Snake:2  | Offered knowledge of Fireball by Vehumet.
 37803 | Snake:3  | Identified a scroll of acquirement
 37807 | Snake:3  | Acquired the +2 pair of boots of Jigsaw {Int+4}
 37966 | Snake:3  | Found a runed translucent gate.
 37966 | Snake:3  | Found a runed translucent gate.
 37967 | Snake:3  | Found a runed translucent gate.
 37967 | Snake:3  | Noticed Eppall's ghost (adept TrFi)
 37988 | Snake:3  | Killed Eppall's ghost
 38128 | Snake:3  | Offered knowledge of Iron Shot by Vehumet.
 38222 | Snake:3  | Learned a level 6 spell: Iron Shot
 38474 | Snake:4  | Entered Level 4 of the Snake Pit
 38665 | Shoals:1 | Entered Level 1 of the Shoals
 39056 | Shoals:1 | Reached skill level 10 in Fire Magic
 39108 | Shoals:1 | Reached XP level 18. HP: 106/112 MP: 13/33
 39817 | Shoals:2 | Reached skill level 15 in Earth Magic
 40392 | Shoals:2 | Found Zeatik's Jewellery Emporium.
 40498 | Shoals:2 | Noticed Polyphemus
 40520 | Shoals:2 | Killed Polyphemus
 41111 | Shoals:3 | Found Siutub's Armour Boutique.
 41123 | Shoals:3 | Found Vuul Ych's Antique Armour Boutique.
 41124 | Shoals:3 | Noticed Donald
 41152 | Shoals:3 | Noticed Ilsuiw
 41166 | Shoals:3 | Killed Ilsuiw
 41182 | Shoals:3 | Offered knowledge of Ignition by Vehumet.
 41194 | Shoals:3 | Learned a level 8 spell: Ignition
 41379 | Shoals:3 | Acquired 1234 gold pieces
 41807 | Shoals:3 | Killed Donald
 42433 | Shoals:4 | Entered Level 4 of the Shoals
 42462 | Shoals:4 | Found a frozen archway.
 42477 | IceCv    | Entered an ice cave
 42772 | IceCv    | Offered knowledge of Lehudib's Crystal Spear by Vehumet.
 42772 | IceCv    | Offered knowledge of Fire Storm by Vehumet.
 42772 | IceCv    | Offered knowledge of Absolute Zero by Vehumet.
 43257 | IceCv    | Reached XP level 19. HP: 107/116 MP: 23/34
 43476 | IceCv    | Identified the Handbook of the Sinister Snowflakes
 44021 | Shoals:4 | Identified the +9 flail "Wunagginke" {venom, *Noise rN+++
                  | Str+9 Int-4}
 44217 | Shoals:4 | Identified the +0 short sword of Bedazzling Courage {venom,
                  | Fly rN+ Str-2 Stlth+}
 45053 | Shoals:4 | Got a barnacled rune of Zot
 46201 | Snake:4  | Identified the +5 scimitar of Fundamental Breach {freeze,
                  | +Blink rN+ Int+4}
 46259 | Snake:4  | Reached skill level 10 in Dodging
 46271 | Snake:4  | Reached skill level 16 in Earth Magic
 46600 | Snake:4  | Got a serpentine rune of Zot
 46847 | Snake:4  | Reached XP level 20. HP: 123/124 MP: 36/36
 47179 | Vaults:1 | Entered Level 1 of the Vaults
 47318 | Vaults:1 | Found Dati Ekhugo's Assorted Antiques.
 47334 | Vaults:1 | Bought a scroll of enchant weapon for 172 gold pieces
 48575 | Vaults:1 | Reached skill level 17 in Earth Magic
 50783 | Elf:1    | Entered Level 1 of the Elven Halls
 52041 | Elf:2    | Reached XP level 21. HP: 115/130 MP: 21/38
 52455 | Elf:2    | Found an ancient bone altar of Kikubaaqudgha.
 52793 | Elf:2    | Found a huge runed translucent gate.
 52845 | Elf:2    | Found a huge runed translucent gate.
 52845 | Elf:2    | Found a huge runed translucent gate.
 52857 | Elf:2    | Found a huge runed translucent gate.
 52881 | Elf:2    | Found a huge runed translucent gate.
 53191 | Elf:3    | Entered Level 3 of the Elven Halls
 53340 | Elf:3    | Found a gateway to a bazaar.
 53347 | Bazaar   | Entered a bazaar
 53397 | Bazaar   | Found Nabeh's Magic Scroll Boutique.
 53401 | Bazaar   | Bought a scroll of acquirement for 468 gold pieces
 53403 | Bazaar   | Acquired 671 gold pieces
 53404 | Bazaar   | Found Toafel's Jewellery Boutique.
 53410 | Bazaar   | Found Sivov's Distillery.
 53410 | Bazaar   | Found Igioh's Book Boutique.
 53440 | Bazaar   | Bought a potion of brilliance for 44 gold pieces
 53440 | Bazaar   | Bought a potion of heal wounds for 55 gold pieces
 53440 | Bazaar   | Bought a potion of brilliance for 44 gold pieces
 53440 | Bazaar   | Bought a potion of resistance for 110 gold pieces
 53440 | Bazaar   | Bought a potion of heal wounds for 55 gold pieces
 53440 | Bazaar   | Bought a potion of heal wounds for 55 gold pieces
 53440 | Bazaar   | Bought a potion of haste for 110 gold pieces
 53440 | Bazaar   | Bought 2 potions of curing for 66 gold pieces
 53440 | Bazaar   | Bought a potion of might for 44 gold pieces
 53450 | Bazaar   | Bought the ring of the Mage {Wiz Will++ Int+3} for 620 gold
                  | pieces
 53450 | Bazaar   | Found the ring of the Mage {Wiz Will++ Int+3}
 53471 | Bazaar   | Bought a scroll of holy word for 67 gold pieces
 53648 | Elf:3    | Reached skill level 15 in Conjurations
 53649 | Elf:3    | Reached skill level 18 in Earth Magic
 54135 | Elf:3    | Reached skill level 10 in Evocations
 54256 | Elf:3    | Identified the +4 dagger "Killer Klown's Peril" {flame,
                  | Int+2 Stlth+}
 54416 | Elf:3    | Identified the ring of Faredy {rF+ rN++ Will+++ Dex-4
                  | Slay-5}
 54424 | Elf:3    | Acquired 781 gold pieces
 54430 | Elf:3    | Identified Saisu's Reference Book on the Voyage and
                  | Weightlessness
 54496 | Elf:3    | Identified the +9 trident of Yredelemnul's Esteem {vorpal,
                  | *Corrode rF+ rC+ rN+}
 54496 | Elf:3    | Identified the amulet of Equilibrium {Spirit Harm rC+}
 54538 | Elf:3    | Identified the +1 broad axe "Ypohontudd" {vorpal, Str+4
                  | Int+2 Stlth+}
 54985 | Vaults:2 | Found a magical portal.
 54991 | WizLab   | Entered Iskenderun's Mystic Tower
 55837 | WizLab   | Reached XP level 22. HP: 132/137 MP: 21/39
 55897 | WizLab   | Identified Iskenderun's Incunabulum of Combat Magic
 55897 | WizLab   | Identified Iskenderun's Guide on Attacks
 56743 | Orc:2    | Bought a book of the Earth for 910 gold pieces
 56755 | Orc:2    | Learned a level 9 spell: Shatter
 56926 | Vaults:2 | Reached skill level 19 in Earth Magic
 56953 | Vaults:2 | Noticed Xtahua
 56957 | Vaults:2 | Killed from afar by Xtahua

Illustrated notes

Levels and vault maps discovered:
D:1:      scummos_arrival_checkerplants, layout_basic,
          ebering_ecumenical_altar_ruins, st_stairs_2, lemuel_another_geyser
D:2:      layout_loops_corners, serial_undead, serial_undead_d, serial_undead_c,
          serial_undead_d, serial_undead_e, serial_shops, nicolae_shop_stone,
          st_stairs_12
D:3:      layout_basic, grunt_temple_overflow_holy_war, serial_bayou_pond_e
D:4:      layout_layer_cave, uniq_sigmund
D:5:      layout_gridville, minmay_temple_entry_wispy,
          nicolae_ossuary_entry_catacombs, kennysheep_donut,
          minmay_divided_ellipse
D:6:      layout_basic, nicolae_uskayaw_dance_studio, kennysheep_little_box
D:7:      layout_cave_pools, grunt_ogre_cave, uniq_harold, uniq_maggie
D:8:      minmay_opposing_rooms, layout_basic,
          nemelex_xobeh_ov_fountains_minmay, special_room [special_room_orc],
          serial_shops, nicolae_shop_trees, uniq_grum
D:9:      layout_rooms, grunt_temple_overflow_bloody_war,
          nicolae_vehumet_radiance, uniq_joseph
D:10:     layout_irregular_city, cheibrodos_ashenzari_chains,
          nicolae_overflow_crystal_walls, kennysheep_slug_shrine, minivault_13
D:11:     wad_woods_structure_01, layout_cave_pools, serial_shops, shop_statue,
          gauntlet_entry_generic
D:12:     layout_basic, orc_0_dummy, serial_shops, bzr_entry_customers,
          nicolae_shop_overgrown_old_shop, nicolae_shop_behind_doors, shop
D:13:     layout_irregular_city, grunt_vaults_entry_tiered,
          gammafunk_ghost_abyssal_escape
D:14:     layout_irregular_city, serial_column_ruins, column_ruins_hut_water,
          column_ruins_columns_straight, column_ruins_grid_1,
          column_ruins_grid_2, column_ruins_open_medium_water,
          column_ruins_columns_corner, column_ruins_corridor_corner,
          fedhas_altar_4, uniq_azrael
D:15:     hangedman_depths_entry_try_elsewhere_first, layout_layer_cave,
          hangedman_decor_slide_cut, uniq_roxanne
Temple:   jpeg_temple_clearing
Lair:1:   layout_gridlike
Lair:2:   cheibrodos_lair_river_kwai, layout_small_grid,
          elwin_shoals_entry_rocks
Lair:3:   layout_long_grid, minmay_snake_entry_spellcaster
Lair:4:   layout_gridlike
Lair:5:   nzn_winding_woodlands_medium [nzn_winding_woodlands_5x5_closed_star,
          nzn_winding_woodlands_5x15_pool, nzn_winding_woodlands_5x5_three,
          nzn_winding_woodlands_5x5_perimeter,
          nzn_winding_woodlands_center_lodge, nzn_winding_woodlands_5x5_default,
          nzn_winding_woodlands_5x5_cross, nzn_winding_woodlands_5x15_sawtooth,
          nzn_winding_woodlands_5x5_default], layout_loops_ring,
          enter_volcano_2, grunt_megastairs_4, infiniplex_staircase_pool
Lair:6:   minmay_lair_end_frog_pond, layout_regular_city,
          nicolae_slime_entry_slimehenge, serial_bayou_shore_a
Shoals:1: layout_shoals
Shoals:2: nzn_motion_control, layout_shoals, serial_shops, shop, uniq_polyphemus
Shoals:3: layout_shoals, serial_shops, shop, shop_statue, uniq_ilsuiw,
          uniq_donald
Shoals:4: shoals_end_simple, layout_shoals, portal_ice_cave_entry_frozen_things,
          nicolae_shoals_dead_sea_scrolls
Snake:1:  layout_gridlike, basic_altar, lemuel_fruit_tree, grunt_megastairs_1,
          uniq_asterion, uniq_louise, uniq_kirke, uniq_aizul, uniq_frances
Snake:2:  layout_chambers, serial_shops, nicolae_shop_statue_plus
Snake:3:  layout_rooms, ebering_ghost_rock_garden
Snake:4:  snake_pit, layout_onion, nicolae_coiled_stairwell_up
Orc:1:    layout_diamond_mine, basic_altar
Orc:2:    st_orc_town, layout_diamond_mine, basic_altar,
          chequers_guarded_unrand_ignorance
Elf:1:    elf_arrival_002, layout_loops_corners, hangedman_elf_represent
Elf:2:    layout_loops_ring, basic_altar, corexii_checkpoint_a,
          grunt_ministairs_13, hex_medium
Elf:3:    minmay_elf_hall_spiked, layout_gridlike, serial_shops,
          bzr_entry_water, abandoned_shop, nrook_mini_backslash
Vaults:1: v_misc_13, nicolae_vaults_ninety_degrees,
          hangedman_vaults_hard_town_square, v_misc_30,
          ontoclasm_vaults_loading_screen, nicolae_vaults_network_star,
          hangedman_vaults_trim, vaults_dpeg_cross,
          nicolae_vaults_little_squares_2, v_misc_32, ontoclasm_vaults_ligature,
          layout_vaults_big_room, serial_shops,
          nicolae_shop_temple_entry_statues_fountains
Vaults:2: v_pattern_1, nicolae_vaults_network_quincunx
          [nicolae_vaults_network_quincunx_subvault,
          nicolae_vaults_network_quincunx_subvault,
          nicolae_vaults_network_quincunx_subvault,
          nicolae_vaults_network_quincunx_subvault,
          nicolae_vaults_network_quincunx_subvault], hangedman_vaults_snaps,
          v_misc_15, nicolae_vaults_meeting, hangedman_vaults_locks,
          vaults_standard_mumra_enter_the_diamond, v_misc_18, vaults_room_pool,
          vaults_room_pools, vaults_dpeg_diagonal, layout_vaults_maze_snakey,
          serial_shops, shop, infiniplex_enter_wizlab_spiral, uniq_xtahua

Skill      XL: |  1  2  3  4  5  6  7  8  9 10 11 12 13 14 15 16 17 18 19 20 21 22 |
---------------+-------------------------------------------------------------------+-----
Earth Magic    | 4 5 6 7 8 9 10 11 12 13 14 15 16 17 18 19 | 19.1
Conjurations   | 1 3 4 6 7 8 9 10 11 12 13 14 15 | 15.6
Spellcasting   | 3 4 5 6 7 8 9 10 11 12 13 | 13.6
Maces & Flails | 2 4 5 6 7 8 9 10 11 12 13 | 13.4
Fighting       | 3 4 6 7 8 9 10 11 12 13 14 | 14.4
Armour         | 3 4 6 |  6.0
Dodging        | 3 4 5 6 7 8 9 10 11 | 11.6
Evocations     | 1 3 4 6 7 8 9 10 | 10.0
Shields        | 2 4 |  4.0
Fire Magic     | 3 6 8 10 13 14 | 14.8
Stealth        | |  2.1
Transmutations | |  0.7

Action                   |  1- 3 |  4- 6 |  7- 9 | 10-12 | 13-15 | 16-18 | 19-21 | 22-24 || total
-------------------------+-------+-------+-------+-------+-------+-------+-------+-------++-------
Melee: Dagger            |   168 |   134 |   256 |   465 |       |       |       |       ||  1023
       Kick              |       |       |       |    47 |       |       |       |       ||    47
       Flail             |       |       |       |    44 |   668 |   603 |   402 |    38 ||  1755
Throw: Dart              |       |       |       |       |       |     1 |       |       ||     1
       Throwing net      |       |       |       |       |       |     1 |       |       ||     1
 Cast: Sandblast         |    26 |    16 |    42 |    39 |    42 |    23 |     9 |       ||   197
       Stone Arrow       |       |     2 |    15 |    64 |    77 |    30 |       |       ||   188
       Lee's Rapid Decon |       |       |     6 |    50 |    70 |    62 |    74 |    24 ||   286
       Mephitic Cloud    |       |       |       |     1 |       |       |       |       ||     1
       Bolt of Magma     |       |       |       |       |    93 |   172 |    57 |       ||   322
       Irradiate         |       |       |       |       |    13 |    28 |     4 |       ||    45
       Iron Shot         |       |       |       |       |       |    33 |   126 |    13 ||   172
       Ignition          |       |       |       |       |       |    15 |    73 |     3 ||    91
       Petrify           |       |       |       |       |       |       |     1 |       ||     1
       Shatter           |       |       |       |       |       |       |       |     9 ||     9
Evoke: Wand              |       |       |       |    10 |       |     5 |     2 |       ||    17
       Lightning rod     |       |       |       |       |       |    13 |     4 |       ||    17
       Phial of floods   |       |       |       |       |       |     4 |     1 |       ||     5
       Box of beasts     |       |       |       |       |       |     1 |       |       ||     1
       Condenser vane    |       |       |       |       |       |     4 |     1 |       ||     5
  Use: Scroll            |       |    11 |     8 |    12 |     8 |    10 |     9 |     4 ||    62
       Potion            |       |     1 |       |    15 |     1 |     3 |     7 |       ||    27
 Stab: Sleeping          |     3 |     5 |     6 |     2 |    14 |    11 |     4 |       ||    45
       Distracted        |       |       |       |       |     1 |     1 |       |       ||     2
       Petrified         |       |       |       |       |       |     5 |       |       ||     5
Armor: Robe              |    63 |    41 |   103 |    24 |       |       |       |    21 ||   252
       Steam dragon scal |       |       |       |   194 |   304 |   380 |   258 |       ||  1136
       Leather armour    |       |       |       |       |    74 |       |       |       ||    74
Dodge: Dodged            |    96 |    91 |   203 |   426 |   607 |   767 |   379 |    56 ||  2625
Block: Buckler           |       |       |       |       |   189 |   263 |   151 |    23 ||   626

Table legend: (Time is in decaauts)
 A = Elapsed time spent in this place.
 B = Non-inter-level travel time spent in this place.
 C = Inter-level travel time spent in this place.
 D = Time resting spent in this place.
 E = Time spent auto-exploring this place.
 F = Levels seen in this place.
 G = Mean time per level.
                   A        B        C        D        E       F      G
               +--------+--------+--------+--------+--------+-----+--------+
         Total |  56747 |  53137 |   3610 |  10147 |  32203 |  44 | 1289.7 |
       Dungeon |  22082 |  20625 |   1457 |   3312 |  13807 |  15 | 1472.1 |
        Temple |    142 |    124 |     18 |      0 |    124 |   1 |  142.0 |
          Lair |   7865 |   7125 |    740 |    750 |   4919 |   6 | 1310.8 |
        Shoals |   5784 |   5552 |    232 |    824 |   3490 |   4 | 1446.0 |
     Snake Pit |   6457 |   5900 |    557 |   1633 |   3178 |   4 | 1614.2 |
  Orcish Mines |   1663 |   1379 |    284 |     13 |    759 |   2 |  831.5 |
   Elven Halls |   3893 |   3746 |    147 |    418 |   2499 |   3 | 1297.7 |
        Vaults |   3426 |   3253 |    173 |    737 |   1905 |   2 | 1713.0 |
        Bazaar |    180 |    180 |      0 |      0 |     60 |   2 |   90.0 |
       Ossuary |   1368 |   1368 |      0 |    867 |    202 |   1 | 1368.0 |
      Ice Cave |   1252 |   1252 |      0 |    491 |    457 |   1 | 1252.0 |
       Volcano |    458 |    458 |      0 |    126 |    130 |   1 |  458.0 |
        Wizlab |   1319 |   1319 |      0 |    812 |    242 |   1 | 1319.0 |
      Gauntlet |    852 |    852 |      0 |    163 |    430 |   1 |  852.0 |
               +--------+--------+--------+--------+--------+-----+--------+

Top non-repeatable levels by time:
Vaults:1: 3025 daAuts
 Snake:2: 2760 daAuts
     D:1: 2194 daAuts
  Lair:5: 2092 daAuts
    D:14: 1818 daAuts
    D:15: 1780 daAuts
    D:11: 1768 daAuts
Shoals:4: 1736 daAuts
Shoals:3: 1703 daAuts
 Snake:1: 1621 daAuts
     D:2: 1611 daAuts
    D:13: 1605 daAuts
     D:5: 1573 daAuts
    D:12: 1553 daAuts
  Lair:6: 1553 daAuts
